 Dungeon Crawl Stone Soup version 0.30.0-29-ga12c61a403 (webtiles) character file.

Game seed: 18433257455904388850

2567 FishyPogo the Martial Artist (level 9, -5/68 HPs)
             Began as a Gnoll Transmuter on June 4, 2023.
             Slain by Duvessa
             ... wielding a +0 rapier
              (15 damage)
             ... on level 7 of the Dungeon.
             The game lasted 00:22:46 (6005 turns).

FishyPogo the Martial Artist (Gnoll Transmuter)     Turns: 6005, Time: 00:22:47

Health: -5/68      AC:  2    Str: 10    XL:     9   Next: 57%
Magic:  17/19      EV: 24    Int: 16    God:
Gold:   394        SH:  0    Dex: 18    Spells: 10/21 levels left

rFire   . . .        t - melded +3 dagger (venom)
rCold   . . .        (shield currently unavailable)
rNeg    . . .        r - melded +0 ring mail of Lugonu's Envy {*Corrode Str+3 Int+6 Stlth+}
rPois   x            d - melded +0 helmet
rElec   .            G - melded +2 cloak
rCorr   .            (gloves currently unavailable)
SInv    .            (boots currently unavailable)
Will    .....        (no amulet)
Stlth   +++          (no ring)
HPRegen 0.31/turn    (no ring)
MPRegen 0.16/turn

%: no passive effects
@: spider-form
A: venomous fangs, tiny, (fangs 1), strong nose, distributed training
a: End Transformation


You were on level 7 of the Dungeon.
You were a venomous arachnid creature.
You visited 1 branch of the dungeon, and saw 7 of its levels.
You also visited: Sewer and Ossuary.

You collected 394 gold pieces.

Inventory:

Hand Weapons
 t - a +3 dagger of venom (melded)
 x - a +2 short sword of flaming
Missiles
 f - 54 stones (quivered)
 u - 22 poisoned darts
 F - a curare-tipped dart
Armour
 a - a +0 kite shield
 d - a +0 helmet (melded)
 r - the +0 ring mail of Lugonu's Envy (melded) {*Corrode Str+3 Int+6 Stlth+}
   (You found it on level 3 of the Dungeon)

   Str:       It affects your strength (+3).
   Int:       It affects your intelligence (+6).
   *Corrode:  It may corrode you when you take damage.
   Stlth:     It makes you more stealthy.
 E - a +3 ring mail
 G - a +2 cloak (melded)
Magical Staves
 C - a staff of air
Wands
 D - a wand of flame (23)
 I - a wand of polymorph (12)
Scrolls
 g - 2 scrolls of magic mapping {unknown}
 h - 2 scrolls of blinking
 j - a scroll of immolation {unknown}
 l - a scroll of silence {unknown}
 m - 5 scrolls of teleportation {unknown}
 n - 3 scrolls of poison {unknown}
 o - 2 scrolls of enchant weapon {unknown}
 q - 3 scrolls of fear {unknown}
 w - 2 scrolls of butterflies {unknown}
 y - 3 scrolls of identify {unknown}
 A - 2 scrolls of noise {unknown}
Potions
 b - 3 potions of lignification
 c - 2 potions of brilliance {unknown}
 e - a potion of resistance {unknown}
 i - a potion of berserk rage {unknown}
 k - a potion of invisibility {unknown}
 p - 2 potions of magic {unknown}
 s - 4 potions of flight {unknown}
 v - a potion of cancellation {unknown}
 z - a potion of curing {unknown}
 B - a potion of attraction {unknown}
 H - a potion of heal wounds {unknown}
 J - a potion of might {unknown}


   Skills:
 + Level 5.3 Fighting
 + Level 4.5 Short Blades
 + Level 4.5 Long Blades
 + Level 4.5 Axes
 + Level 4.5 Maces & Flails
 + Level 4.5 Polearms
 + Level 4.5 Staves
 + Level 4.5 Ranged Weapons
 + Level 4.5 Throwing
 + Level 4.5 Armour
 + Level 6.5 Dodging
 + Level 4.5 Stealth
 + Level 4.5 Shields
 + Level 8.0 Unarmed Combat
 + Level 6.8 Spellcasting
 + Level 3.7 Conjurations
 + Level 3.7 Hexes
 + Level 3.7 Summonings
 + Level 3.7 Necromancy
 + Level 3.7 Translocations
 + Level 5.4 Transmutations
 + Level 3.7 Fire Magic
 + Level 3.7 Ice Magic
 + Level 3.7 Air Magic
 + Level 3.7 Earth Magic
 + Level 3.7 Poison Magic
 + Level 5.0 Invocations
 + Level 4.5 Evocations


You had 10 spell levels left.
You knew the following spells:

 Your Spells              Type           Power      Damage    Failure   Level
a - Beastly Appendage     Tmut           44%        N/A       6%          1
b - Wereblood             Tmut           22%        N/A       8%          2
c - Spider Form           Tmut/Pois      20%        N/A       17%         3
d - Sting                 Tmut/Pois      80%        1d7       8%          1
e - Ice Form              Ice/Tmut       20%        N/A       38%         4

Your spell library contained the following spells:

 Spells                   Type           Power      Damage    Failure   Level
 Poisonous Vapours        Pois/Air       34%        N/A       13%         2
 Ozocubu's Armour         Ice            17%        N/A       22%         3
 Olgreb's Toxic Radiance  Pois           17%        N/A       47%         4
 Ozocubu's Refrigeration  Ice            8%         4d9       100%        7


Dungeon Overview and Level Annotations

Branches:
Dungeon (7/15)              Sewer (visited)         Ossuary (visited)
 Temple: D:4-7

Altars:
Ashenzari
Cheibriados
Gozag
Hepliaklqana
Uskayaw
Yredelemnul
The Shining One

Shops:
D:5 =

Annotations:
D:3 3 runed translucent doors, klichko's ghost, amateur OpVM
D:4 2 transporters, raetorn's ghost, novice SpEn
D:7 Duvessa


Innate Abilities, Weirdness & Mutations

You are a venomous arachnid creature.
You have venomous fangs.
You are tiny and dextrous.
Your spellcasting is less reliable in this form.
Your armour is entirely melded.
You are incapable of wielding weapons or throwing items.
((You have very sharp teeth.))
Your uncanny sense of smell can sniff out nearby items.
Your experience applies equally to all skills.


Message History

Duvessa is heavily wounded.
You kill Dowan!
Duvessa weeps, and shakes her weapon.
Duvessa goes berserk!
Duvessa closely misses you.
You hit Duvessa but do no damage.
Duvessa is heavily wounded.
Duvessa hits you with a +0 rapier!
You bite Duvessa!
Duvessa looks as sick as possible!
Duvessa is heavily wounded.
Duvessa barely misses you.
You hit Duvessa.
Duvessa looks as sick as possible!
Duvessa is severely wounded.
Duvessa hits you with a +0 rapier!
* * * LOW HITPOINT WARNING * * *
Duvessa completely misses you.
You hit Duvessa.
Duvessa is severely wounded.
Duvessa closely misses you.
You hit Duvessa but do no damage.
Duvessa looks as sick as possible!
Duvessa is almost dead.
Duvessa closely misses you.
You hit Duvessa but do no damage.
Duvessa looks as sick as possible!
Duvessa is almost dead.
Duvessa completely misses you. Duvessa closely misses you.
You barely miss Duvessa.
Duvessa is almost dead.
Duvessa barely misses you.
You hit Duvessa but do no damage.
Duvessa looks as sick as possible!
Duvessa is almost dead.
Duvessa completely misses you.
You barely miss Duvessa.
Duvessa is almost dead.
Duvessa hits you with a +0 rapier.
* * * LOW HITPOINT WARNING * * *
You hit Duvessa but do no damage.
Duvessa looks as sick as possible!
Duvessa is almost dead.
Duvessa hits you with a +0 rapier!
* * * LOW HITPOINT WARNING * * *
Duvessa hits you with a +0 rapier!
You die...

#.....#
#.....#
#.....+
#.....#
#.....#
#.....#
#...$.###
#s.......
#e)......
#........
######...
.. .


You could see Duvessa (berserk, extremely poisoned).

Vanquished Creatures
  Maggie (D:6)
  Prince Ribbit (D:6)
  A wraith (Ossuary)
  An ice beast (D:5)
  3 black bears (D:6)
  An ogre (D:4)
  An orc warrior (D:5)
  A centaur (D:5)
  A phantom (D:5)
  A kobold brigand (D:6)
  2 bullfrogs (Sewer)
  2 gnoll sergeants
  A scorpion (D:5)
  Dowan (D:7)
  An electric eel (D:6)
  Crazy Yiuf (D:6)
  An orc priest (D:6)
  3 hounds
  A jelly (D:6)
  2 iguanas (D:5)
  A sleepcap (D:5)
  2 orc wizards
  A mummy (Ossuary)
  9 river rats (D:5)
  10 adders
  10 gnolls
  A white imp (D:6)
  An ufetubus (D:5)
  2 worms (D:2)
  3 dart slugs
  19 orcs
  9 endoplasms
  9 giant cockroaches
  5 goblins
  9 hobgoblins
  13 kobolds
  18 quokkas
  13 ball pythons
  2 bats
  4 frilled lizards (Sewer)
  8 gnoll skeletons (Ossuary)
  A goblin zombie (D:4)
  6 kobold skeletons (Ossuary)
  11 orc skeletons (Ossuary)
  18 rats
  A rat zombie (D:4)
213 creatures vanquished.

Notes
Turn   | Place    | Note
-------+----------+-------------------------------------------
     0 | D:1      | FishyPogo the Gnoll Transmuter began the quest for the Orb.
     0 | D:1      | Reached XP level 1. HP: 17/17 MP: 6/6
    21 | D:1      | Learned a level 1 spell: Sting
   296 | D:1      | Reached XP level 2. HP: 23/23 MP: 5/7
   340 | D:1      | Learned a level 2 spell: Wereblood
   809 | D:2      | Reached skill level 5 in Spellcasting
   809 | D:2      | Reached XP level 3. HP: 28/28 MP: 6/9
   813 | D:2      | Learned a level 3 spell: Spider Form
   897 | D:2      | Found a faded altar of an unknown god.
  1025 | D:2      | Reached skill level 1 in Invocations
  1339 | D:3      | Identified the +0 ring mail of Lugonu's Envy {*Corrode
                  | Str+3 Int+6 Stlth+}
  1469 | D:3      | Found a basalt altar of Yredelemnul.
  1534 | D:3      | Reached skill level 1 in Short Blades
  1534 | D:3      | Reached skill level 1 in Long Blades
  1534 | D:3      | Reached skill level 1 in Axes
  1534 | D:3      | Reached skill level 1 in Maces & Flails
  1534 | D:3      | Reached skill level 1 in Polearms
  1534 | D:3      | Reached skill level 1 in Staves
  1534 | D:3      | Reached skill level 1 in Ranged Weapons
  1534 | D:3      | Reached skill level 1 in Throwing
  1534 | D:3      | Reached skill level 1 in Armour
  1534 | D:3      | Reached skill level 1 in Stealth
  1534 | D:3      | Reached skill level 1 in Shields
  1534 | D:3      | Reached skill level 1 in Evocations
  1555 | D:3      | Reached XP level 4. HP: 25/34 MP: 11/11
  1637 | D:3      | Reached skill level 1 in Conjurations
  1637 | D:3      | Reached skill level 1 in Hexes
  1637 | D:3      | Reached skill level 1 in Summonings
  1637 | D:3      | Reached skill level 1 in Necromancy
  1637 | D:3      | Reached skill level 1 in Translocations
  1637 | D:3      | Reached skill level 1 in Fire Magic
  1637 | D:3      | Reached skill level 1 in Ice Magic
  1637 | D:3      | Reached skill level 1 in Air Magic
  1637 | D:3      | Reached skill level 1 in Earth Magic
  1637 | D:3      | Reached skill level 1 in Poison Magic
  1836 | D:3      | Found a runed translucent gate.
  1836 | D:3      | Found a runed translucent gate.
  1840 | D:3      | Found a runed translucent gate.
  1841 | D:3      | Noticed klichko's ghost (amateur OpVM)
  2089 | D:4      | Found a sand-covered staircase.
  2096 | Ossuary  | Entered an ossuary
  2096 | Ossuary  | Noticed a wraith
  2096 | Ossuary  | Noticed a wraith
  2096 | Ossuary  | Noticed a wraith
  2108 | Ossuary  | Reached XP level 5. HP: 40/40 MP: 10/12
  2183 | Ossuary  | Noticed a wraith
  2253 | Ossuary  | Killed a wraith
  2254 | Ossuary  | Reached skill level 5 in Dodging
  2254 | Ossuary  | Reached XP level 6. HP: 17/47 MP: 12/14
  2420 | D:4      | Found a hide-covered altar of Uskayaw.
  2479 | D:4      | Found a transporter.
  2488 | D:4      | Noticed raetorn's ghost (novice SpEn)
  2505 | D:4      | Found a transporter.
  2746 | D:5      | Entered Level 5 of the Dungeon
  2756 | D:5      | Reached skill level 7 in Unarmed Combat
  2756 | D:5      | Reached XP level 7. HP: 35/52 MP: 15/15
  2760 | D:5      | Found a glowing drain.
  2828 | Sewer    | Entered a sewer
  3356 | D:5      | Found Divuigg's Jewellery Boutique.
  3543 | D:5      | Reached XP level 8. HP: 48/60 MP: 11/16
  3845 | D:5      | Found an opulent altar of Gozag.
  4183 | D:5      | Found a broken altar of Ashenzari.
  4186 | D:5      | Found a glowing golden altar of the Shining One.
  4775 | D:6      | Noticed Prince Ribbit
  4840 | D:6      | Killed Prince Ribbit
  4841 | D:6      | Reached skill level 5 in Transmutations
  4988 | D:6      | Reached XP level 9. HP: 66/66 MP: 16/18
  4993 | D:6      | Learned a level 4 spell: Ice Form
  5218 | D:6      | Found a faded altar of an unknown god.
  5218 | D:6      | Found a hazy altar of Hepliaklqana.
  5355 | D:6      | Found a snail-covered altar of Cheibriados.
  5408 | D:6      | Reached skill level 5 in Fighting
  5505 | D:6      | Found a runed translucent door.
  5506 | D:6      | Noticed Crazy Yiuf
  5516 | D:6      | Killed Crazy Yiuf
  5668 | D:6      | Noticed Maggie
  5695 | D:6      | Killed Maggie
  5696 | D:6      | Reached skill level 8 in Unarmed Combat
  5722 | D:6      | Reached skill level 5 in Invocations
  5987 | D:7      | Noticed Duvessa
  5987 | D:7      | Noticed Dowan
  5995 | D:7      | Killed Dowan
  6005 | D:7      | Slain by Duvessa

Illustrated notes

Levels and vault maps discovered:
D:1:      dpeg_arrival_shelter, layout_loops_cross, minmay_cupped
D:2:      layout_rooms, shapermc_ecumenical_altar_notcrosses,
          kennysheep_generic_room_5
D:3:      layout_basic, yredelemnul_altar_generic, gammafunk_ghost_necromancy
D:4:      layout_rooms, nicolae_uskayaw_dance_hall, enter_ossuary_4,
          gammafunk_ghost_arena, nicolae_elevator_lobby_asterisk
D:5:      lemuel_ratsnest, layout_basic, amethyst_overflow_temple_binary,
          lemuel_coloured_pillars_altar, portal_sewer_entry_a, serial_shops,
          shop, minmay_hedge_maze
D:6:      layout_rooms, cheibriados_altar_1,
          beargit_hepliaklqana_dungeon_heroes, kennysheep_flooded_box,
          kennysheep_generic_room_2, uniq_maggie, uniq_crazy_yiuf_cottage,
          uniq_prince_ribbit1
D:7:      layout_basic, nicolae_overflow_crystal_walls, serial_shops, shop,
          hangedman_decor_slide_cut, uniq_menkaure, uniq_duvessa

Skill      XL: |  1  2  3  4  5  6  7  8  9 |
---------------+----------------------------+-----
Spellcasting   | 5 6 |  6.8
Invocations    | 1 2 3 4 5 |  5.0
Short Blades   | 1 2 3 4 |  4.5
Long Blades    | 1 2 3 4 |  4.5
Axes           | 1 2 3 4 |  4.5
Maces & Flails | 1 2 3 4 |  4.5
Polearms       | 1 2 3 4 |  4.5
Staves         | 1 2 3 4 |  4.5
Ranged Weapons | 1 2 3 4 |  4.5
Throwing       | 1 2 3 4 |  4.5
Armour         | 1 2 3 4 |  4.5
Stealth        | 1 2 3 4 |  4.5
Shields        | 1 2 3 4 |  4.5
Evocations     | 1 2 3 4 |  4.5
Conjurations   | 1 2 3 |  3.7
Hexes          | 1 2 3 |  3.7
Summonings     | 1 2 3 |  3.7
Necromancy     | 1 2 3 |  3.7
Translocations | 1 2 3 |  3.7
Fire Magic     | 1 2 3 |  3.7
Ice Magic      | 1 2 3 |  3.7
Air Magic      | 1 2 3 |  3.7
Earth Magic    | 1 2 3 |  3.7
Poison Magic   | 1 2 3 |  3.7
Fighting       | 3 4 5 |  5.3
Dodging        | 5 6 |  6.5
Transmutations | 4 5 |  5.4
Unarmed Combat | 7 8 |  8.0

Action                     |  1- 3 |  4- 6 |  7- 9 || total
---------------------------+-------+-------+-------++-------
  Melee: Unarmed           |    76 |    30 |   141 ||   247
         Kick              |    11 |    26 |    65 ||   102
         Bite              |     4 |     6 |    28 ||    38
         Headbutt          |     6 |     9 |    34 ||    49
         Punch             |     4 |     4 |    16 ||    24
         Dagger            |    17 |    11 |   227 ||   255
         Short sword       |       |    59 |    17 ||    76
  Throw: Stone             |       |       |    18 ||    18
         Dart              |       |       |     1 ||     1
   Cast: Beastly Appendage |    20 |    15 |    32 ||    67
         Sting             |     1 |     3 |       ||     4
         Wereblood         |     2 |     5 |    13 ||    20
         Spider Form       |     1 |     3 |    12 ||    16
Ability: End Transformatio |       |       |     1 ||     1
   Stab: Sleeping          |     1 |       |     3 ||     4
 Armour: Robe              |     8 |     4 |    19 ||    31
         Skin              |       |       |     4 ||     4
         Ring mail         |       |       |     7 ||     7
  Dodge: Dodged            |    57 |    54 |   223 ||   334
